 Dungeon Crawl Stone Soup version 0.29.1-2-gbd0b4ee654 (webtiles) character file.

Game seed: 15933680847699248384

454 Leocordis the Magician (level 6, -7/41 HPs)
             Began as a Mummy Necromancer on Nov 27, 2022.
             Shot with an arrow by a centaur (8 damage)
             ... on level 5 of the Dungeon.
             The game lasted 00:16:32 (3905 turns).

Leocordis the Magician (Mummy Necromancer)          Turns: 3905, Time: 00:16:33

Health: -7/41      AC:  5    Str: 11    XL:     6   Next: 76%
Magic:  10/15      EV: 12    Int: 17    God:
Gold:   76         SH:  0    Dex: 12    Spells: 14/18 levels left

rFire   x . .      SeeInvis .   b - +0 sling
rCold   + . .      Faith    .   (no shield)
rNeg    + + +      Spirit   .   a - +0 robe
rPois   ∞          Reflect  .   m - +0 helmet
rElec   .          Harm     .   h - +0 cloak
rCorr   .          Rampage  .   f - +0 pair of gloves
Will    .....                   (no boots)
Stlth   ++........              (no amulet)
HPRegen 0.13/turn               (no ring)
MPRegen 0.14/turn               (no ring)

@: no status effects
A: cold resistance 1, negative energy resistance 3, torment resistance 2, heat
vulnerability 1, in touch with death 1, no potions
a: no special abilities


You were on level 5 of the Dungeon.
You visited 1 branch of the dungeon, and saw 5 of its levels.

You collected 76 gold pieces.

Inventory:

Hand Weapons
 b - a +0 sling (weapon)
 d - a +2 quarterstaff of chaos
Armour
 a - a +0 robe (worn)
 f - a +0 pair of gloves (worn)
 h - a +0 cloak (worn)
 m - a +0 helmet (worn)
Wands
 k - a wand of digging (7)
Scrolls
 c - a scroll of enchant weapon
 e - a scroll of fear
 g - a scroll of identify
 i - a scroll of amnesia {unknown}
 j - 2 scrolls of poison {unknown}
 l - 2 scrolls of vulnerability {unknown}


   Skills:
 - Level 1.6 Dodging
 - Level 1.6 Stealth
 + Level 6.5 Spellcasting
 + Level 6.4 Necromancy


You had 14 spell levels left.
You knew the following spells:

 Your Spells              Type           Power      Damage    Failure   Level
a - Necrotise             Necr           100%       1d9       1%          1
b - Vampiric Draining     Necr           41%        2d8       2%          3

Your spell library contained the following spells:

 Spells                   Type           Power      Damage    Failure   Level
 Animate Dead             Necr           41%        N/A       9%          4
 Magic Dart               Conj           20%        1d4       12%         1
 Call Imp                 Summ           5%         N/A       19%         2
 Ensorcelled Hibernation  Hex/Ice        10%        N/A       19%         2
 Passwall                 Tmut/Erth      4%         N/A       19%         2
 Agony                    Necr           41%        N/A       24%         5
 Gell's Gravitas          Tloc           5%         N/A       36%         3
 Lesser Beckoning         Tloc           5%         N/A       36%         3
 Mephitic Cloud           Conj/Pois/Air  5%         N/A       36%         3
 Swiftness                Air            5%         N/A       36%         3
 Teleport Other           Tloc           5%         N/A       36%         3


Dungeon Overview and Level Annotations

Branches:
Dungeon (5/15)             Temple (0/1) D:4

Altars:

Shops:
D:2 ([[[*


Innate Abilities, Weirdness & Mutations

You are immune to poison.
Your flesh is cold resistant. (rC+)
You are immune to negative energy. (rN+++)
You are immune to unholy pain and torment.
You are vulnerable to heat. (rF-)
You are in touch with the powers of death.
You do not drink.


Message History

Cast which spell? (? or * to list)
Aiming: Necrotise (safe; 1% risk of failure)
Press: ? - help, Shift-Dir - straight line, f/p - centaur
Aim: a centaur, wielding a +0 shortbow (moderately wounded, chance to affect: 83%)
You feel a surge of power!
The centaur writhes in agony!
The centaur shoots an arrow.
The arrow hits you.
Casting: Necrotise (safe; 1% risk of failure)
Confirm with . or Enter, or press ? or * to list all spells.
Aiming: Necrotise (safe; 1% risk of failure)
Press: ? - help, Shift-Dir - straight line, f/p - centaur
Aim: a centaur, wielding a +0 shortbow (severely wounded, chance to affect: 83%)
You feel a surge of power!
The centaur writhes in agony.
The centaur shoots an arrow.
The arrow hits you.
The centaur shoots an arrow.
The arrow hits you!
* * * LOW HITPOINT WARNING * * *
Casting: Necrotise (safe; 1% risk of failure)
Confirm with . or Enter, or press ? or * to list all spells.
Aiming: Necrotise (safe; 1% risk of failure)
Press: ? - help, Shift-Dir - straight line, f/p - centaur
Aim: a centaur, wielding a +0 shortbow (severely wounded, chance to affect: 83%)
You feel a surge of power!
The centaur writhes in agony.
The centaur shoots an arrow.
The arrow completely misses you.
Casting: Necrotise (safe; 1% risk of failure)
Confirm with . or Enter, or press ? or * to list all spells.
Aiming: Necrotise (safe; 1% risk of failure)
Press: ? - help, Shift-Dir - straight line, f/p - centaur
Aim: a centaur, wielding a +0 shortbow (almost dead, chance to affect: 83%)
You feel a surge of power!
The centaur writhes in agony.
The centaur shoots an arrow.
The arrow hits you.
* * * LOW HITPOINT WARNING * * *
The centaur shoots an arrow.
The arrow hits you.
* * * LOW HITPOINT WARNING * * *
Casting: Necrotise (safe; 1% risk of failure)
Confirm with . or Enter, or press ? or * to list all spells.
Aiming: Necrotise (safe; 1% risk of failure)
Press: ? - help, Shift-Dir - straight line, f/p - centaur
Aim: a centaur, wielding a +0 shortbow (almost dead, chance to affect: 83%)
You feel a surge of power!
The centaur barely resists.
The centaur shoots an arrow.
The arrow hits you!
You die...

#.#
#.#
#.#
#.#
#.#
#.#
#.#
#.#
#@#
#.#
#.#
#.#
#.#
#c#
#.#
...


You could see a centaur.

Vanquished Creatures
  Sigmund (D:3)
  3 killer bees (D:4)
  Crazy Yiuf (D:3)
  Terence (D:3)
  An iguana (D:3)
  3 adders
  A worm (D:2)
  2 dart slugs
  2 orcs
  3 ball pythons
  5 endoplasms
  3 giant cockroaches
  5 goblins
  4 hobgoblins
  4 kobolds
  2 quokkas (D:1)
  7 bats
  4 frilled lizards
  8 rats
60 creatures vanquished.

Vanquished Creatures (collateral kills)
  A goblin (D:3)
  A bat (D:3)
  A kobold (D:3)
  A rat (D:3)
4 creatures vanquished.

Grand Total: 64 creatures vanquished

Notes
Turn   | Place    | Note
-------+----------+-------------------------------------------
     0 | D:1      | Leocordis the Mummy Necromancer began the quest for the
                  | Orb.
     0 | D:1      | Reached XP level 1. HP: 13/13 MP: 4/4
   246 | D:1      | Found a faded altar of an unknown god.
   322 | D:1      | Reached XP level 2. HP: 16/19 MP: 6/6
   830 | D:2      | Found Wuppoug's Armour Boutique.
  1120 | D:2      | Found Usasat's Armour Shoppe.
  1146 | D:2      | Found Coit's Weapon Shop.
  1313 | D:2      | Gained mutation: You are in touch with the powers of death.
                  | [Mummy growth]
  1313 | D:2      | Reached XP level 3. HP: 24/24 MP: 8/8
  1463 | D:2      | Learned a level 3 spell: Vampiric Draining
  1483 | D:2      | Found Dianali's Armour Emporium.
  1497 | D:2      | Found Baxuigh's Assorted Antiques.
  1527 | D:2      | You fall into a shaft and drop 1 floor!
  2072 | D:3      | Reached XP level 4. HP: 30/30 MP: 7/10
  2076 | D:3      | Reached skill level 5 in Necromancy
  2096 | D:3      | Noticed Terence
  2113 | D:3      | Killed Terence
  2802 | D:3      | Reached XP level 5. HP: 35/35 MP: 9/12
  2826 | D:3      | Noticed Sigmund
  3080 | D:3      | Killed Sigmund
  3081 | D:3      | Reached skill level 5 in Spellcasting
  3081 | D:3      | Reached XP level 6. HP: 41/41 MP: 7/14
  3309 | D:3      | Found a runed translucent door.
  3310 | D:3      | Noticed Crazy Yiuf
  3318 | D:3      | Killed Crazy Yiuf
  3613 | D:4      | Found a staircase to the Ecumenical Temple.
  3873 | D:5      | Entered Level 5 of the Dungeon
  3904 | D:5      | HP: 2/41 [centaur/arrow (2)]
  3905 | D:5      | Shot with an arrow by a centaur

Illustrated notes

Levels and vault maps discovered:
D:1:      wander_arrival_chamber, layout_basic,
          hellmonk_ecumenical_altar_inner_sanctum
D:2:      layout_loops_cross, serial_shops, nicolae_shop_hallway_plus,
          nicolae_shop_advertising_works [nicolae_subvault_shop_adworks], shop,
          shop, nicolae_shop_bloodbath_and_beyond,
          nicolae_kite_square_tiling_tiny
D:3:      layout_basic, minmay_circle_x, uniq_crazy_yiuf_cottage, uniq_sigmund,
          uniq_terence
D:4:      layout_loops_cross, nicolae_vehumet_altar_sigil, marbit_many_paths,
          grunt_gozag_breadcrumbs, minmay_temple_entry_glass,
          nicolae_concentric_dashed_squares_wild, uniq_duvessa, uniq_natasha
D:5:      layout_basic, enter_ossuary_2, chequers_serial_rivers_marsh,
          hex_large, minmay_small_thing

Skill      XL: |  1  2  3  4  5  6 |
---------------+-------------------+-----
Spellcasting   | 3 4 5 6 |  6.5
Necromancy     | 5 6 |  6.4
Dodging        | |  1.6
Stealth        | |  1.6

Action                   |  1- 3 |  4- 6 || total
-------------------------+-------+-------++-------
Melee: Unarmed           |     3 |       ||     3
 Fire: Sling             |    77 |    26 ||   103
 Cast: Necrotise         |    33 |    43 ||    76
       Vampiric Draining |     1 |     3 ||     4
  Use: Scroll            |       |     4 ||     4
Armor: Robe              |       |    11 ||    11
Dodge: Dodged            |    13 |    31 ||    44
